 Dungeon Crawl Stone Soup version 0.30-a0-743-gbfdf073431 (webtiles) character file.

Game seed: 13627129518262731072

233 testman the Grave Robber (level 5, 0/35 HPs)
             Began as a Mummy Necromancer on Feb 6, 2023.
             Was an Initiate of Ashenzari.
             Slain by a gnoll
             ... wielding a +0 club
             ... led by a gnoll bouda
              (3 damage)
             ... on level 4 of the Dungeon.
             The game lasted 00:08:47 (2357 turns).

testman the Grave Robber (Mummy Necromancer)        Turns: 2357, Time: 00:08:48

Health: 0/35       AC:  2    Str: 11    XL:     5   Next: 75%
Magic:  7/13       EV: 12    Int: 16    God:    Ashenzari [......]
Gold:   286        SH:  0    Dex: 13    Spells: 7/15 levels left

rFire   x . .      SeeInvis .    i - +2 dagger (venom)
rCold   + . .      Faith    +    (no shield)
rNeg    + + +      Spirit   .    a - +0 robe
rPois   ∞          Reflect  .    (no helmet)
rElec   .          Harm     .    (no cloak)
rCorr   .          Rampage  .    (no gloves)
Will    .....                    (no boots)
Stlth   ++                       (no amulet)
HPRegen 0.25/turn                (no ring)
MPRegen 0.13/turn                (no ring)

@: animating dead
A: cold resistance 1, negative energy resistance 3, torment resistance 2, heat
vulnerability 1, in touch with death 1, no potions, faith
a: Renounce Religion


You were on level 4 of the Dungeon.
You worshipped Ashenzari.
Ashenzari was noncommittal.
You visited 2 branches of the dungeon, and saw 5 of its levels.

You collected 286 gold pieces.

Inventory:

Hand Weapons
 e - a +0 heavy dagger
 i - a +2 dagger of venom (weapon)
Missiles
 d - a throwing net
Armour
 a - a +0 robe (worn)
Scrolls
 b - a scroll of brand weapon
 c - a scroll of teleportation
 g - a scroll of identify {unknown}
 h - a scroll of enchant weapon
 j - a scroll of amnesia {unknown}


   Skills:
 - Level 1.5 Dodging
 - Level 1.5 Stealth
 + Level 5.6 Spellcasting
 + Level 5.7 Necromancy


You had 7 spell levels left.
You knew the following spells:

 Your Spells              Type           Power      Damage    Failure   Level
a - Necrotise             Necr           100%       1d9       1%          1
b - Vampiric Draining     Necr           34%        2d8       4%          3
c - Animate Dead          Necr           34%        N/A       14%         4

Your spell library contained the following spells:

 Spells                   Type           Power      Damage    Failure   Level
 Cigotuvi's Dreadful Rot  Necr/Pois/Air  30%        N/A       10%         2
 Ensorcelled Hibernation  Hex/Ice        8%         N/A       22%         2
 Poisonous Vapours        Pois/Air       8%         N/A       22%         2
 Agony                    Necr           34%        N/A       36%         5
 Mephitic Cloud           Conj/Pois/Air  4%         N/A       41%         3
 Cause Fear               Hex            2%         N/A       82%         4
 Leda's Liquefaction      Hex/Erth       2%         N/A       82%         4


Dungeon Overview and Level Annotations

Branches:
Dungeon (4/15)             Temple (1/1) D:4

Altars:
Ashenzari
Cheibriados
Dithmenos
Fedhas
Kikubaaqudgha
Nemelex Xobeh
Okawaru
Uskayaw
Vehumet
Xom
Yredelemnul

Annotations:
D:3 2 transporters


Innate Abilities, Weirdness & Mutations

You are immune to poison.
Your flesh is cold resistant. (rC+)
You are immune to negative energy. (rN+++)
You are immune to unholy pain and torment.
You are vulnerable to heat. (rF-)
You are in touch with the powers of death.
You do not drink.
You have a special connection with the divine. (Faith)


Message History

The phantom hits Sigmund!
Sigmund hits the phantom but does no damage.
The phantom hits Sigmund.
The phantom blinks!
Sigmund blinks!
You swap places.
The phantom hits you!
You hit the phantom.
The phantom is lightly damaged.
Sigmund hits the phantom but does no damage.
The phantom hits you.
* * * LOW HITPOINT WARNING * * *
The phantom blinks!
You blink.
Things that are here:
a +0 scythe; a +0 robe The phantom attacks as you move away!
The phantom hits you!
* * * LOW HITPOINT WARNING * * *
Unknown command.
Okay, then.
Okay, then.
As you read the scroll labelled XYPSIY ITABLY, it crumbles to dust.
It is a scroll of brand weapon.
Your +0 dagger becomes incredibly heavy!
e - a +0 heavy dagger The phantom closely misses you.
As you read the scroll labelled ZALUUGE DALO, it crumbles to dust.
You feel strangely unstable.
It was a scroll of teleportation.
The phantom misses you.
As you read the scroll labelled JEAR FUVEI, it crumbles to dust.
It is a scroll of enchant weapon.
Your +1 dagger of venom glows red for a moment.
The phantom barely misses you.
Okay, then.
Your surroundings suddenly seem different. 2 gnolls, a scorpion and a black bear come into view.
The gnoll shouts! x4; The gnoll bouda shouts!
As you read the scroll labelled ATARCH XYODYOM, it crumbles to dust.
The scroll dissolves into smoke.
It was a scroll of fog.
The gnoll bouda barks out a call to the hunt!
The gnolls pick up the pace!
The gnoll closely misses you. The gnoll hits you with a +0 club.
You die...

#.......$.
....###### #
#. ....
...).. ...
... ....###
.#. ...
..... .. ..
#####. ##.
.### .#
####..#...
#....§§§#
#...g§@§#
#.gg.sg§#
......h§.§.
.#..Sgg..#.#
.........#.#
.#.......# #
####.##.# ..
.#


You could see a black bear, a gnoll bouda, a scorpion, 5 gnolls and an adder.

Vanquished Creatures
  Sigmund (D:4)
  An iguana (D:2)
  2 worms (D:2)
  A dart slug (D:1)
  An orc (D:3)
  3 ball pythons
  5 endoplasms
  2 giant cockroaches (D:2)
  2 goblins
  8 hobgoblins
  A quokka (D:1)
  5 bats
  2 frilled lizards
  4 kobolds
  3 rats
41 creatures vanquished.

Vanquished Creatures (collateral kills)
  A worm (D:2)
  A goblin (D:1)
  A hobgoblin (D:1)
  A ball python (D:1)
4 creatures vanquished.

Grand Total: 45 creatures vanquished

Notes
Turn   | Place    | Note
-------+----------+-------------------------------------------
     0 | D:1      | testman the Mummy Necromancer began the quest for the Orb.
     0 | D:1      | Reached XP level 1. HP: 13/13 MP: 4/4
   231 | D:1      | Reached XP level 2. HP: 19/19 MP: 4/6
   910 | D:2      | Gained mutation: You are in touch with the powers of death.
                  | [Mummy growth]
   910 | D:2      | Reached XP level 3. HP: 24/24 MP: 5/8
   914 | D:2      | Learned a level 3 spell: Vampiric Draining
   989 | D:2      | Found a faded altar of an unknown god.
  1109 | D:2      | Found a radiant altar of Vehumet.
  1446 | D:2      | Reached XP level 4. HP: 22/30 MP: 0/10
  1475 | D:2      | Learned a level 4 spell: Animate Dead
  1787 | D:3      | Found a basalt altar of Yredelemnul.
  1789 | D:3      | Noticed a bullfrog
  1791 | D:3      | Found a transporter.
  1795 | D:3      | Noticed a black bear
  1795 | D:3      | Noticed an ice beast
  1829 | D:3      | Found a transporter.
  1835 | D:3      | Got Hovubef's Compendium of Obstruction
  1931 | D:3      | Found a sparkling altar of Nemelex Xobeh.
  2008 | D:4      | Noticed Sigmund
  2010 | D:4      | Noticed a phantom
  2119 | D:4      | Found a staircase to the Ecumenical Temple.
  2128 | Temple   | Entered the Ecumenical Temple
  2285 | Temple   | Became a worshipper of Ashenzari the Shackled
  2320 | D:4      | Killed Sigmund
  2321 | D:4      | Reached skill level 5 in Spellcasting
  2321 | D:4      | Reached skill level 5 in Necromancy
  2321 | D:4      | Reached XP level 5. HP: 14/35 MP: 2/13
  2350 | D:4      | HP: 1/35 [phantom (7)]
  2356 | D:4      | Noticed a black bear
  2357 | D:4      | Slain by a gnoll

Illustrated notes

Levels and vault maps discovered:
D:1:      eino_arrival_cavern_b, layout_loops_cross
D:2:      layout_rooms, shapermc_ecumenical_altar_venn, basic_altar,
          minmay_randomly_rotated_circles
D:3:      layout_rooms, nemelex_diamond_rough_becter,
          gammafunk_temple_overflow_arena
D:4:      layout_loops_ring, kennysheep_mini, grunt_gozag_statues,
          minmay_temple_entry_gardened_gates, uniq_sigmund
Temple:   grunt_temple_mini_profane

Skill      XL: |  1  2  3  4 |
---------------+-------------+-----
Spellcasting   | 3 4 5 |  5.6
Necromancy     | 5 |  5.7
Dodging        | |  1.5
Stealth        | |  1.5

Action                     |  1- 3 |  4- 6 || total
---------------------------+-------+-------++-------
  Melee: Unarmed           |     1 |       ||     1
         Dagger            |    10 |    22 ||    32
         Whip              |     3 |       ||     3
   Cast: Necrotise         |    42 |     9 ||    51
         Animate Dead      |       |     1 ||     1
         Vampiric Draining |       |     1 ||     1
    Use: Scroll            |       |     4 ||     4
   Stab: Sleeping          |     5 |     1 ||     6
 Armour: Robe              |     2 |     2 ||     4
  Dodge: Dodged            |    17 |    14 ||    31

Table legend: (Time is in decaauts)
 A = Elapsed time spent in this place.
 B = Non-inter-level travel time spent in this place.
 C = Inter-level travel time spent in this place.
 D = Time resting spent in this place.
 E = Time spent auto-exploring this place.
 F = Levels seen in this place.
 G = Mean time per level.
                   A        B        C        D        E       F      G
               +--------+--------+--------+--------+--------+-----+--------+
         Total |   2356 |   2227 |    129 |      0 |   1836 |   5 |  471.2 |
       Dungeon |   2171 |   2071 |    100 |      0 |   1683 |   4 |  542.8 |
        Temple |    184 |    155 |     29 |      0 |    153 |   1 |  184.0 |
               +--------+--------+--------+--------+--------+-----+--------+

Top non-repeatable levels by time:
     D:1: 869 daAuts
     D:2: 691 daAuts
     D:3: 479 daAuts
  Temple: 184 daAuts
     D:4: 130 daAuts
